 Dungeon Crawl Stone Soup version 0.27.1-2-g3b301248ec (webtiles) character file.

Game seed: 13395173152421320882

20 DoubleLucky the Caller (level 2, -5/16 HPs)
             Began as a Tengu Summoner on Sept 26, 2021.
             Slain by an orc priest (6 damage)
             ... on level 1 of the Dungeon.
             The game lasted 00:06:03 (2172 turns).

DoubleLucky the Caller (Tengu Summoner)             Turns: 2172, Time: 00:06:04

Health: -5/16      AC:  2    Str:  8    XL:     2   Next: 79%
Magic:  1/6        EV: 12    Int: 15    God:
Gold:   65         SH:  0    Dex: 14    Spells: 2/5 levels left

rFire    . . .     SeeInvis .   e - +0 dagger
rCold    . . .     Faith    .   (no shield)
rNeg     . . .     Spirit   .   a - +0 robe
rPois    .         Reflect  .   (helmet restricted)
rElec    .         Harm     .   (no cloak)
rCorr    .         Rampage  .   (no gloves)
Will     .....                  (boots unavailable)
Stlth    ++........             (no amulet)
HPRegen  0.05/turn              (no ring)
MPRegen  0.10/turn              (no ring)

@: no status effects
A: beak, talons 3
a: no special abilities


You were on level 1 of the Dungeon.
You visited 1 branch of the dungeon, and saw 2 of its levels.

You collected 65 gold pieces.

Inventory:

Hand Weapons
 c - a +0 club
 e - a +0 dagger (weapon)
Armour
 a - a +0 robe (worn)
Scrolls
 b - a scroll of identify {unknown}
 f - a scroll of immolation {unknown}
Potions
 d - 2 potions of berserk rage {unknown}


   Skills:
 + Level 1.2 Fighting
 - Level 2.1 Dodging
 - Level 2.0 Stealth
 + Level 2.4 Spellcasting
 + Level 5.1 Summonings


You had 2 spell levels left.
You knew the following spells:

 Your Spells              Type           Power      Damage    Failure   Level
a - Summon Small Mammal   Summ           68%        N/A       2%          1
b - Call Imp              Summ           17%        N/A       3%          2

Your spell library contained the following spells:

 Spells                   Type           Power      Damage    Failure   Level
 Call Canine Familiar     Summ           17%        N/A       8%          3
 Summon Guardian Golem    Hex/Summ       9%         N/A       22%         3
 Summon Lightning Spire   Summ/Air       9%         N/A       58%         4


Dungeon Overview and Level Annotations

Branches:
Dungeon (2/15)

Altars:

Shops:
D:1 !


Innate Abilities, Weirdness & Mutations

You have a beak for a mouth.
You have claws for feet.


Message History

A beastly little devil appears in a puff of flame.
Casting: Call Imp (safe; 3% risk of failure)
Confirm with . or Enter, or press ? or * to list all spells.
You don't have enough magic to cast this spell.
The orc priest closely misses your crimson imp.
Your crimson imp hits the orc priest but does no damage.
The orc priest hits your crimson imp with a +0 club.
Your crimson imp hits the orc priest but does no damage.
The orc priest hits your crimson imp with a +0 club.
Your crimson imp blinks!
Your shadow imp barely misses the orc priest.
The orc priest hits your crimson imp with a +0 whip.
The orc priest hits your crimson imp with a +0 club.
Your shadow imp hits the orc priest but does no damage.
Your crimson imp blinks!
You completely miss the orc priest.
Your shadow imp hits the orc priest.
The orc priest closely misses you. The orc priest barely misses you.
Your shadow imp hits the orc priest.
The orc priest barely misses you. The orc priest closely misses you.
Your crimson imp hits the orc priest but does no damage.
You climb upwards.
Your summoned ally is left behind.
There is a stone staircase leading down here.
You closely miss the orc priest.
The orc priest invokes the aid of Beogh against you.
Pain shoots through your body!
Ouch! That really hurt!
The orc priest invokes the aid of Beogh against you.
You barely resist.
You hit the orc priest but do no damage.
The orc priest closely misses you.
The orc priest calls down the wrath of Beogh upon you.
You barely resist. You closely miss the orc priest.
Your peck misses the orc priest.
The orc priest looks braver for a moment.
The orc priest hits you with a +0 club.
* * * LOW HITPOINT WARNING * * *
You barely miss the orc priest.
The orc priest is heavily wounded.
The orc priest hits you with a +0 whip.
You die...

.....# ##'###.#.######.# #.#
.....# #.###.#........# #.#
.....##### #..##.#.##########.#
#####....####.##.#............#
#..........#.#.############
#..........#.#...........#
#............#..########.#
#.........#o.#..# #.#
#.........#o@#..# #.#
#.........####..# #.#
#.........# #..# #.#
#####..[...####..# #.#
#................# #.#
#.##############.# #.# #.#....#
#.# #.# #.###.##########.# #.#
#.# #............# #.#


You could see 2 orc priests.

Vanquished Creatures
  A dart slug (D:1)
  A ball python (D:1)
  A hobgoblin (D:1)
  A bat (D:1)
  2 frilled lizards (D:1)
  2 rats (D:1)
8 creatures vanquished.

Vanquished Creatures (collateral kills)
  A ball python (D:1)
  2 endoplasms (D:1)
  2 goblins (D:1)
  2 hobgoblins (D:1)
  3 quokkas
  A bat (D:1)
  3 frilled lizards (D:1)
  2 kobolds (D:1)
  2 rats (D:1)
18 creatures vanquished.

Grand Total: 26 creatures vanquished

Notes
Turn   | Place    | Note
-------+----------+-------------------------------------------
     0 | D:1      | DoubleLucky the Tengu Summoner began the quest for the Orb.
     0 | D:1      | Reached XP level 1. HP: 10/10 MP: 4/4
   130 | D:1      | Reached skill level 5 in Summonings
   213 | D:1      | Found Lunoff's Distillery.
   242 | D:1      | Reached XP level 2. HP: 16/16 MP: 4/6
   733 | D:1      | Reached skill level 1 in Fighting
  1220 | D:1      | Learned a level 2 spell: Call Imp
  2172 | D:1      | Slain by an orc priest

Illustrated notes

Levels and vault maps discovered:
D:1:      lightli_molten_gateway, layout_basic, serial_shops, nicolae_shop_trees
D:2:      layout_basic, hellmonk_ecumenical_altar_crossroads, serial_shops,
          shop, mrwooster_statue_mirror

Skill      XL: |  1  2 |
---------------+-------+-----
Summonings     | 5 |  5.1
Fighting       | 1 |  1.2
Dodging        | |  2.1
Stealth        | |  2.0
Spellcasting   | |  2.4

Action                   || total
-------------------------++-------
Melee: Unarmed           ||     2
       Kick              ||     6
       Peck              ||     2
       Dagger            ||    22
       Club              ||     8
 Cast: Summon Small Mamm ||    22
       Call Imp          ||    10
 Stab: Sleeping          ||     1
Armor: Robe              ||     9
Dodge: Dodged            ||    32
